 Dungeon Crawl Stone Soup version 0.31.0-32-g396128a36d (webtiles) character file.

Game seed: 10302269487209001760

1930 Dadi the Basher (level 8, -4/90 HPs)
             Began as a Demonspawn Berserker on Mar 23, 2024.
             Was a Priest of Trog.
             Slain by a gnoll bouda
             ... wielding a +0 whip of electrocution
              (18 damage)
             ... on level 7 of the Dungeon.
             The game lasted 00:13:44 (6113 turns).

Dadi the Basher (Demonspawn Berserker)              Turns: 6113, Time: 00:13:45

Health: -4/90      AC: 24    Str: 20    XL:     8   Next: 97%
Magic:  8/8        EV:  2    Int: 13    God:    Trog [***...]
Gold:   367        SH:  0    Dex: 13    Spells: 7/7 levels left

rFire   . . .        B - +3 long sword (freeze)
rCold   . . .        (no shield)
rNeg    . . .        e - melded +0 leather armour {rF+}
rPois   +            y - melded +1 hat
rElec   .            m - melded +0 cloak
rCorr   .            n - melded +0 pair of gloves
SInv    .            o - melded +0 pair of boots
Will    +....        (no amulet)
Stlth   +            d - +6 ring of intelligence
HPRegen 0.35/turn    r - ring of willpower
MPRegen 0.11/turn

%: no passive effects
@: confused, lethally poisoned (-4 -> -9), tree-form, ambrosia-drunk, on berserk
cooldown, slowed, very slow
A: stationary, stasis, torment immunity, boosted hp, (antennae 2), repulsion
field 1, ignite blood 2, (spiny 1), augmentation 1
a: Renounce Religion, Berserk, Trog's Hand


You were on level 7 of the Dungeon.
You worshipped Trog.
Trog was most pleased with you.
You were a tree.
You visited 1 branch of the dungeon, and saw 7 of its levels.

You collected 367 gold pieces.

Inventory:

Hand Weapons
 a - a +0 mace
 B - a +3 long sword of freezing (weapon)
Armour
 b - a +0 animal skin
 e - a +0 leather armour of fire resistance (melded)
 m - a +0 cloak (melded)
 n - a +0 pair of gloves (melded)
 o - a +0 pair of boots (melded)
 y - a +1 hat (melded)
Jewellery
 d - a +6 ring of intelligence (left branch)
 g - a ring of see invisible
 k - a ring of fire
 r - a ring of willpower (right branch)
Talismans
 i - a beast talisman
 p - a serpent talisman
Scrolls
 c - 5 scrolls of identify {unknown}
 f - 2 scrolls of noise {unknown}
 l - a scroll of amnesia {unknown}
 u - 3 scrolls of teleportation {unknown}
 x - a scroll of fear {unknown}
Potions
 j - 3 potions of haste {unknown}
 s - a potion of mutation {unknown}
 t - a potion of degeneration {unknown}
 v - a potion of brilliance {unknown}
 w - a potion of attraction {unknown}
 z - a potion of invisibility {unknown}
 A - a potion of curing {unknown}


   Skills:
 + Level 4.2 Fighting
 - Level 10.7 Maces & Flails
 - Level 1.7 Armour
 - Level 1.7 Dodging


You had 7 spell levels left.
You didn't know any spells.
Your spell library was empty.

Dungeon Overview and Level Annotations

Branches:
Dungeon (7/15)             Temple (0/1) D:6

Altars:
Dithmenos
Kikubaaqudgha
Ru
Uskayaw
Wu Jian
Xom
Yredelemnul

Shops:
D:1 *

Annotations:
D:6 Maggie


Innate Abilities, Weirdness & Mutations

You are a tree.
Your roots penetrate the ground, keeping you stationary.
You cannot be teleported.
You are immune to unholy pain and torment.
Your maximum health is greatly increased.
Your equipment is partially melded.
((You have a pair of antennae on your head.))
You are surrounded by a mild repulsion field. (EV +2)
Your demonic aura often causes spilled blood to erupt in flames.
((You are partially covered in sharp spines.))
Your magical and physical power is slightly enhanced at high health.


Message History

The killer bee is struck by your spines.
The killer bee stings you.
* * * LOW HITPOINT WARNING * * *
You are poisoned.
The killer bee poisons you!
The gnoll bouda hits you but does no damage.
The killer bee is struck by your spines.
The killer bee stings you.
* * * LOW HITPOINT WARNING * * *
You are lethally poisoned!
The killer bee poisons you! The gnoll is struck by your spines.
The gnoll completely misses you.
The gnoll bouda is struck by your spines.
The gnoll bouda barely misses you.
Okay, then.
You are too confused!
It was a potion of lignification.
You turn into a tree.
Your +0 cloak melds into your body.
Your +1 hat melds into your body.
Your +0 pair of gloves melds into your body.
Your +0 pair of boots melds into your body.
Your +0 leather armour of fire resistance melds into your body.
You feel less resistant to fire.
Your roots penetrate the ground.
The net rips apart!
Your attacks no longer feel as feeble.
* * * LOW HITPOINT WARNING * * *
You feel very sick. The killer bee barely misses you.
The killer bee stings you but does no damage.
The gnoll hits you but does no damage.
The gnoll bouda calls upon its god to heal the gnoll.
The gnoll is healed somewhat.
The killer bee stings you but does no damage.
The gnoll hits you but does no damage.
Unknown command.
You feel very sick.
The killer bee stings you but does no damage. x2
The gnoll bouda hits you with a +0 whip of electrocution.
* * * LOW HITPOINT WARNING * * *
You are electrocuted!!
You die...

..
#.................
#................#
#................#
#....##'##'#######
#....#..#...# {
.......#..#...#
.......#..#...#
........+..#...+
........#..##♣g#
.......##+##yg#
#...(yy..<.#
#......)......
#..##......... #..
#..##..##. +. #..#
### # ...# ...+


You could see a gnoll bouda, 3 killer bees and a gnoll (swift).

Vanquished Creatures
  A wraith (D:6)
  An acid dragon (D:6)
  A water moccasin (D:5)
  2 ice beasts (D:6)
  An orc warrior (D:6)
  2 ogres
  A phantom (D:5)
  2 scorpions
  3 wights (D:7)
  A killer bee (D:7)
  2 howler monkeys
  2 jellies
  3 bombardier beetles
  4 hounds
  2 gnoll boudas
  An iguana (D:6)
  2 orc wizards (D:6)
  9 gnolls
  6 adders
  2 white imps (D:6)
  2 dart slugs
  2 ribbon worms
  17 orcs
  8 ball pythons
  6 endoplasms
  2 giant cockroaches (D:1)
  7 hobgoblins
  2 jackals (D:4)
  9 kobolds
  4 quokkas
  2 bats (D:3)
  2 frilled lizards (D:1)
  4 goblins
  5 rats
120 creatures vanquished.

Notes
Turn   | Place    | Note
-------+----------+-------------------------------------------
     0 | D:1      | Dadi the Demonspawn Berserker began the quest for the Orb.
     0 | D:1      | Reached XP level 1. HP: 18/18 MP: 1/1
    17 | D:1      | Reached skill level 3 in Maces & Flails
    49 | D:1      | Found Idism's General Store.
    82 | D:1      | Gained mutation: Your demonic aura sometimes causes spilled
                  | blood to erupt in flames. [demonic ancestry]
    82 | D:1      | Reached XP level 2. HP: 16/24 MP: 2/2
   814 | D:2      | Gained mutation: You are partially covered in sharp spines.
                  | [demonic ancestry]
   814 | D:2      | Reached XP level 3. HP: 5/29 MP: 3/3
   999 | D:2      | Reached skill level 4 in Maces & Flails
  1226 | D:2      | Identified the +9 dagger of Animal Spirits {flame, rElec
                  | rC+}
  1296 | D:2      | Reached ** piety under Trog
  1723 | D:3      | Gained mutation: You have a pair of small antennae on your
                  | head. [demonic ancestry]
  1723 | D:3      | Reached XP level 4. HP: 31/35 MP: 4/4
  2429 | D:4      | Found a shadowy altar of Dithmenos.
  2461 | D:4      | Found a shimmering altar of Xom.
  2464 | D:4      | Found a sacrificial altar of Ru.
  2501 | D:4      | Found an ancient bone altar of Kikubaaqudgha.
  2507 | D:4      | Found an ornate altar of the Wu Jian Council.
  2559 | D:4      | Reached skill level 5 in Maces & Flails
  2578 | D:4      | Gained mutation: You are surrounded by a mild repulsion
                  | field. (EV +2) [demonic ancestry]
  2578 | D:4      | Reached XP level 5. HP: 28/41 MP: 5/5
  2639 | D:4      | Noticed an ogre
  2662 | D:4      | Killed an ogre
  2663 | D:4      | Reached skill level 6 in Maces & Flails
  2663 | D:4      | Gained mutation: Your demonic aura often causes spilled
                  | blood to erupt in flames. [demonic ancestry]
  2663 | D:4      | Reached XP level 6. HP: 34/47 MP: 6/6
  2883 | D:4      | Reached *** piety under Trog
  3180 | D:5      | Entered Level 5 of the Dungeon
  3309 | D:5      | Reached skill level 7 in Maces & Flails
  3491 | D:5      | Gained mutation: You have a pair of antennae on your head.
                  | [demonic ancestry]
  3491 | D:5      | Reached XP level 7. HP: 52/52 MP: 7/7
  4019 | D:5      | Reached skill level 8 in Maces & Flails
  4107 | D:6      | Noticed Maggie
  4481 | D:6      | Reached skill level 9 in Maces & Flails
  4481 | D:6      | Gained mutation: Your magical and physical power is
                  | slightly enhanced at high health. [demonic ancestry]
  4481 | D:6      | Reached XP level 8. HP: 21/58 MP: 8/8
  4688 | D:6      | Found a staircase to the Ecumenical Temple.
  5048 | D:6      | Reached skill level 10 in Maces & Flails
  5194 | D:6      | Noticed a +0 spear
  5194 | D:6      | Noticed a +0 dagger
  5194 | D:6      | Noticed a +0 short sword
  5195 | D:6      | Noticed a +0 dagger
  5197 | D:6      | Noticed a +0 spear
  5205 | D:6      | Found a hide-covered altar of Uskayaw.
  5208 | D:6      | Noticed a +0 falchion
  5208 | D:6      | Noticed a +0 falchion
  5209 | D:6      | Noticed a +0 short sword
  5244 | D:6      | Found a basalt altar of Yredelemnul.
  6113 | D:7      | Slain by a gnoll bouda

Illustrated notes

Levels and vault maps discovered:
D:1:      dpeg_arrival_simpleton_c, layout_loops_cross, serial_shops, shop
D:2:      layout_loops_cross, amcnicky_mini_rare_corridor_liquid,
          minmay_split_cup_small
D:3:      layout_loops_ring, minmay_diced_spiral
D:4:      layout_basic, nicolae_dithmenos_through_a_glass_darkly,
          nicolae_overflow_macrodata_refinement,
          serial_library_hellmonk_filled_rooms
D:5:      layout_basic
D:6:      layout_gridville, nicolae_uskayaw_en_pointe,
          mainiacjoe_overflow_small_starburst,
          minmay_temple_entry_gardened_gates, uniq_maggie
D:7:      layout_gridville

Skill      XL: |  1  2  3  4  5  6  7  8 |
---------------+-------------------------+-----
Maces & Flails | 3 4 5 6 7 9 10 | 10.7
Fighting       | 4 |  4.2
Armour         | |  1.7
Dodging        | |  1.7

Action                     |  1- 3 |  4- 6 |  7- 9 || total
---------------------------+-------+-------+-------++-------
  Melee: Mace              |   108 |   108 |   123 ||   339
         Punch             |     2 |       |       ||     2
         Long sword        |       |       |    21 ||    21
 Invoke: Berserk           |       |       |     4 ||     4
    Use: Potion            |     2 |       |     2 ||     4
 Armour: Animal skin       |    23 |       |       ||    23
         Leather armour    |    49 |    58 |    86 ||   193
         Skin              |       |       |     7 ||     7
  Dodge: Dodged            |    53 |    72 |    87 ||   212
   Form: Beast             |     1 |       |       ||     1
                           |     1 |       |       ||     1
